 Dungeon Crawl Stone Soup version 0.15.2 (webtiles) character file.

65 magipi the Firebug (level 4, -8/24 HPs)
             Began as a Tengu Fire Elementalist on June 17, 2015.
             Killed from afar by an orc wizard (12 damage)
             ... with a puff of flame
             ... on Level 3 of the Dungeon.
             The game lasted 00:11:24 (2204 turns).

magipi the Firebug (Tengu Fire Elementalist)        Turns: 2204, Time: 00:11:24

HP  -8/24        AC  2     Str  9      XL: 4   Next: 14%
MP   7/8         EV 12     Int 16      God:
Gold 172         SH  0     Dex 14      Spells:  2 memorised,  3 levels left

rFire  . . .     SeeInvis .     y - +0 trident
rCold  . . .     Clarity  .     a - +0 robe
rNeg   . . .     rCorr    .     (no shield)
rPois  .         rRot     .     (helmet restricted)
rElec  .         Spirit   .     (no cloak)
SustAb .         Warding  .     (no gloves)
rMut   .         Stasis   .     (boots unavailable)
Gourm  .                        (no amulet)
MR     .....                    (no ring)
                                (no ring)

@: not resistant to hostile enchantments, unstealthy
A: beak, talons 3
a: no special abilities


You were on level 3 of the Dungeon.
You were not hungry.

You visited 1 branch of the dungeon, and saw 4 of its levels.

You collected 172 gold pieces.

Inventory:

Hand weapons
 e - a +0 hand axe
 r - a +0 whip
 y - a +0 trident (weapon)
Missiles
 d - 20 stones (quivered)
Armour
 a - a +0 robe (worn)
 o - a +2 buckler
 s - a +3 ring mail
Magical devices
 q - a wand of magic darts (14) {unknown}
Comestibles
 c - 3 bread rations
 h - a meat ration
Scrolls
 f - a scroll of amnesia {unknown}
 i - a scroll of random uselessness {unknown}
 k - 3 scrolls of identify {unknown}
 l - 2 scrolls of blinking {unknown}
 m - a scroll of remove curse {unknown}
 n - 2 scrolls of fog {unknown}
 t - a scroll of immolation {unknown}
 u - a scroll of enchant weapon {unknown}
 x - a scroll of fear {unknown}
Jewellery
 g - an uncursed amulet of stasis {unknown}
Books
 b - a book of Flames

   Spells                             Type                      Level
   *Flame Tongue                      Conjuration/Fire             1
   Throw Flame                        Conjuration/Fire             2
   *Conjure Flame                     Conjuration/Fire             3
   Inner Flame                        Hexes/Fire                   3
   Sticky Flame                       Conjuration/Fire             4
   Fireball                           Conjuration/Fire             5


   Skills:
 - Level 2.1 Dodging
 - Level 2.0 Stealth
 - Level 2.0 Spellcasting
 + Level 3.5 Conjurations
 + Level 4.5 Fire Magic


You had 3 spell levels left.
You knew the following spells:

 Your Spells              Type           Power        Failure   Level  Hunger
a - Flame Tongue          Conj/Fire      ##...        4%          1    #......
b - Conjure Flame         Conj/Fire      ##......     12%         3    ####...


Dungeon Overview and Level Annotations

Branches:
Dungeon (4/15)
 Temple: D:4-7

Altars:

Annotations:
D:2 Terence


Innate Abilities, Weirdness & Mutations

You have a beak for a mouth.
You have claws for feet.

Vault maps used:
D:1:      ncdulo_watergridlock
D:2:      hangedman_decor_growths, minmay_misc_feat_cross, uniq_terence
D:3:      first_bread
D:4:      enter_ossuary_3


Message History

a flail; a leather armour; an orc corpse
Things that are here:
a club; a leather armour; an orc corpse You start resting.
Magic restored.
Things that are here:
a club; a leather armour; an orc corpse
Things that are here:
a flail; a leather armour; an orc corpse The orc wizard gestures at you while chanting.
The magic dart hits you!
The orc wizard points at you and mumbles some strange words.
The magic dart hits you!
Casting: Flame Tongue
Confirm with . or Enter, or press ? or * to list all spells.
Aiming: Flame Tongue
Press: ? - help, Shift-Dir - straight line, f - orc wizard
Aim: an orc wizard, wielding a dagger and wearing a robe The flame tongue hits the orc wizard.
The orc wizard is heavily wounded.
The orc wizard gestures wildly while chanting.
The orc wizard flickers and vanishes!
Deactivating autopickup; reactivate with Ctrl-A.
Casting: Flame Tongue
Confirm with . or Enter, or press ? or * to list all spells.
Aiming: Flame Tongue
Press: ? - help, Shift-Dir - straight line The flame tongue hits something.
Unknown command.
Casting: Flame Tongue
Confirm with . or Enter, or press ? or * to list all spells.
Aiming: Flame Tongue
Press: ? - help, Shift-Dir - straight line Something hits you.
Unknown command.
Casting: Flame Tongue
Confirm with . or Enter, or press ? or * to list all spells.
Aiming: Flame Tongue
Press: ? - help, Shift-Dir - straight line Something hits you.
Unknown command.
You hear some strange, mumbled words.
The puff of flame hits you!
* * * LOW HITPOINT WARNING * * *
Something hits you but does no damage.
Drink which item? (? for menu, Esc to quit)
You feel better.
It was a potion of curing.
Something hits you.
* * * LOW HITPOINT WARNING * * *
Drink which item? (? for menu, Esc to quit)
You feel magically purged.
It was a potion of cancellation.
Something hits you.
* * * LOW HITPOINT WARNING * * *
Drink which item? (? for menu, Esc to quit)
You feel much better.
It was a potion of heal wounds.
Something hits you.
Unknown command.
Something hits you.
You hear some strange, mumbled words.
The puff of flame hits you!
You hear some strange, mumbled words.
Something tries to affect you, but you resist.
The puff of flame hits you!
* * * LOW HITPOINT WARNING * * *
Something tries to affect you, but you resist.
Things that are here:
a flail; a leather armour; an orc corpse
Things that are here:
a club; a leather armour; an orc corpse
Casting: Flame Tongue
Confirm with . or Enter, or press ? or * to list all spells.
You can't see any susceptible monsters within range! (Use Z to cast anyway.)
There is a stone staircase leading down here.
You climb downwards.
You hear the hiss of flowing sand.
There is an entrance to an ossuary on this level.
Hurry and find it before the portal is buried!
A kobold, an ogre and a phantom come into view.
The kobold shouts!
There is a stone staircase leading up here.
The phantom hits you.
* * * LOW HITPOINT WARNING * * *
You climb upwards.
There is a stone staircase leading down here.
Unknown command.
The orc wizard points at you and mumbles some strange words.
You resist.
The phantom hits you but does no damage.
You hear a distant slurping noise.
You hear a squelching noise.
The phantom blinks!
Casting: Flame Tongue
Confirm with . or Enter, or press ? or * to list all spells.
Aiming: Flame Tongue
Press: ? - help, Shift-Dir - straight line, f - orc wizard
Aim: an orc wizard, wielding a dagger and wearing a robe (moderately wounded)
The flame tongue hits the orc wizard.
The orc wizard is almost dead.
The orc wizard mumbles some strange words.
The orc wizard flickers and vanishes!
Unknown command.
You hear some strange, mumbled words.
A puff of flame appears from out of thin air!
The puff of flame hits you!
Ouch! That really hurt!
You die...

#.##.# #..##.#
#.#..#######.##[
#..o.###..##.#
#............##<
#.##.o.o.....#
###..#######.##. .#
#####<.#### #####..#
#.... . #..######>.....#
#.###
#.............###### #.#
##.######..........###.#
#.# #.#######.#.##.# ..#
#@# ##.###.#.# #### #.#
###.## ##..# #.# #..##
##.# #.# #.#.## ##.##
#.# #.##.###.##
#.###.###.#.##
#.#>....##.##
#.#.#.#.##.#
#..........#


There were no monsters in sight!

Table legend:
 A = Kills in this place as a percentage of kills in entire the game.
 B = Kills by you in this place as a percentage of kills by you in the entire game.
 C = Kills by friends in this place as a percentage of kills by friends in the entire game.
 D = Other kills in this place as a percentage of other kills in the entire game.
 E = Experience gained in this place as a percentage of experience gained in the entire game.
 F = Experience gained in this place divided by the number of levels of this place that you have seen.
                   A       B       C       D       E      F
               +-------+-------+-------+-------+-------+----------------------
         Total | 100.0 | 100.0 |  -nan |  -nan | 100.0 |  23.5
       Dungeon | 100.0 | 100.0 |  -nan |  -nan | 100.0 |  23.5
               +-------+-------+-------+-------+-------+----------------------

Vanquished Creatures
  2 adders (D:2)
  6 orcs (D:3)
  2 giant cockroaches (D:2)
  5 goblins
  7 hobgoblins
  A quokka (D:2)
  3 bats
  A giant gecko (D:1)
  4 giant newts
  5 kobolds
  4 rats
40 creatures vanquished.

Notes
Turn   | Place    | Note
--------------------------------------------------------------
     0 | D:1      | magipi, the Tengu Fire Elementalist, began the quest for the Orb.
     0 | D:1      | Reached XP level 1. HP: 10/10 MP: 3/3
   462 | D:1      | Reached XP level 2. HP: 15/15 MP: 1/5
   746 | D:2      | Reached skill level 4 in Fire Magic
   805 | D:2      | Reached XP level 3. HP: 19/19 MP: 5/7
  1109 | D:2      | Learned a level 3 spell: Conjure Flame
  1123 | D:2      | Noticed Terence
  1796 | D:3      | Reached XP level 4. HP: 24/24 MP: 6/8
  2155 | D:3      | HP: 1/24 [something/puff of flame (8)]
  2189 | D:4      | Noticed a phantom
  2189 | D:4      | Noticed an ogre
  2204 | D:3      | Killed from afar by an orc wizard

Action                   |  1- 3 |  4- 6 || total
-------------------------+-------+-------++-------
Melee: Hand axe          |    18 |       ||    18
       Trident           |     1 |       ||     1
 Cast: Flame Tongue      |    53 |    11 ||    64
  Use: Potion            |       |     3 ||     3
 Stab: Sleeping          |     2 |       ||     2
  Eat: Chunk             |     3 |     2 ||     5

Action                   |  1- 3 |  4- 6 || total
-------------------------+-------+-------++-------
Melee: Hand axe          |    18 |       ||    18
       Trident           |     1 |       ||     1
 Cast: Flame Tongue      |    53 |    11 ||    64
  Use: Potion            |       |     3 ||     3
 Stab: Sleeping          |     2 |       ||     2
  Eat: Chunk             |     3 |     2 ||     5

Action                   |  1- 3 |  4- 6 || total
-------------------------+-------+-------++-------
Melee: Hand axe          |    18 |       ||    18
       Trident           |     1 |       ||     1
 Cast: Flame Tongue      |    53 |    11 ||    64
  Use: Potion            |       |     3 ||     3
 Stab: Sleeping          |     2 |       ||     2
  Eat: Chunk             |     3 |     2 ||     5
